 Dungeon Sprint DCSS version 0.31-a0-7-g51783674b7 (webtiles) character file.

Game seed: 3385806277951878889

713 sircluck the Cleaver (level 7, -3/73 HPs)
             Began as a Hill Orc Fighter on May 5, 2023.
             Slain by a deep elf pyromancer
             ... wielding a +0 long sword of holy wrath
              (9 damage)
             ... in the Dungeon (Sprint III: "The Ten Rune Challenge").
             The game lasted 00:01:59 (874 turns).

sircluck the Cleaver (Hill Orc Fighter)              Turns: 874, Time: 00:01:59

Health: -3/73      AC:  8    Str: 21    XL:     7   Next: 69%
Magic:  7/7        EV: 10    Int:  8    God:
Gold:   39         SH:  6    Dex: 10    Spells: 6/6 levels left

rFire   . . .        a - +0 war axe
rCold   . . .        c - +0 buckler
rNeg    . . .        b - +0 scale mail
rPois   .            (no helmet)
rElec   .            (no cloak)
rCorr   .            (no gloves)
SInv    .            (no boots)
Will    .....        (no amulet) Stlth
                     (no ring)
HPRegen 0.32/turn    (no ring)
MPRegen 0.10/turn

%: no teleportation
@: hasted, very quick
A: no striking features
a: no special abilities


You were in the Dungeon.
You visited 1 branch You collected 39 gold pieces.

Inventory:

Hand Weapons
 a - a +0 war axe (weapon)
Armour
 b - a +0 scale mail (worn)
 c - a +0 buckler (worn)
Scrolls
 k - a scroll of butterflies {unknown}
 l - a scroll of poison {unknown}
 m - 4 scrolls of identify
 o - a scroll of torment {unknown}
Potions
 d - 4 potions of mutation {unknown}
 e - a potion of curing
 g - a potion of haste
 h - 2 potions of magic
 n - 2 potions of flight


   Skills:
 + Level 10.8 Fighting
 + Level 11.3 Axes
 + Level 9.1 Armour
 + Level 2.0 Dodging
 + Level 0.4 Stealth
 + Level 8.7 Shields


You had 6 spell levels left.
You didn't know any spells.
Your spell library contained the following spells:

 Spells                   Type           Power      Damage    Failure   Level
 Call Canine Familiar     Summ           0%         N/A       98%         3
 Portal Projectile        Hex/Tloc       0%         N/A       98%         3
 Leda's Liquefaction      Hex/Erth       0%         N/A       100%        4


Dungeon Overview and Level Annotations

Branches:
Dungeon (1/1)

Altars:
Dithmenos
Elyvilon
Kikubaaqudgha
Okawaru
Ru
Sif Muna
Trog
Uskayaw
Vehumet
Wu Jian
Yredelemnul
Zin
The Shining One
Beogh


Message History

* * * LOW HITPOINT WARNING * * *
The deep elf pyromancer gestures at you while chanting.
The sticky flame hits you.
You are covered in liquid flames!
* * * LOW HITPOINT WARNING * * *
You slash the deep elf pyromancer!
The deep elf pyromancer is almost dead.
You are covered in liquid flames!
* * * LOW HITPOINT WARNING * * *
The deep elf pyromancer hits you with a +0 long sword of holy wrath.
* * * LOW HITPOINT WARNING * * *
Unknown command.
You barely miss the deep elf pyromancer.
The deep elf pyromancer is almost dead.
You are covered in liquid flames!
* * * LOW HITPOINT WARNING * * *
The deep elf pyromancer drinks a potion.
The deep elf pyromancer is healed!
You feel much better.
You are covered in liquid flames!
* * * LOW HITPOINT WARNING * * *
The deep elf pyromancer hits you with a +0 long sword of holy wrath!
* * * LOW HITPOINT WARNING * * *
You are covered in liquid flames!
* * * LOW HITPOINT WARNING * * *
There is an open door here.
There is a fountain of clear blue water here.
You feel yourself speed up.
The deep elf pyromancer mumbles some strange words.
The deep elf pyromancer blinks!
You slash the deep elf pyromancer!
The deep elf pyromancer is heavily wounded.
You slice the deep elf pyromancer!!
The deep elf pyromancer is almost dead.
The deep elf pyromancer hits you with a +0 long sword of holy wrath!
* * * LOW HITPOINT WARNING * * *
You closely miss the deep elf pyromancer.
The deep elf pyromancer is almost dead.
The deep elf pyromancer hits you with a +0 long sword of holy wrath!
You die...

▓▓▓▓▓▓▓ ▓▓▓ ..'...♣♣♣♣
♣.############ ..#....♣.♣
♣.#___#___#__# ###.....♣♣
♣♣.#...#__.#._#
..#....~.♣♣♣..###'#'###)##
..#...~~.♣♣...#..........#
.)#..~~~~.♣...'e@........#
#)#..~≈≈~~)♣♣.#...######'#
..#.~~≈~~~....#.⌠.# #...#
..#.~≈~~~.....#...# #...#
..#.~~~.......#)### #...#
###...........#.).# #...+
..............#___# +...#
▓▓▓▓▓▓▓▓▓▓▓▓▓▓▓▓▓▓▓ ▓▓▓▓▓


You could see a deep elf pyromancer.

Vanquished Creatures
  A shadow (D)
  A necrophage (D)
  A scorpion (D)
  A water elemental (D)
  A jelly (D)
  Jessica (D)
  A necromancer (D)
  3 humans (D)
  A kobold demonologist (D)
  2 rats (D)
13 creatures vanquished.

Vanquished Creatures (others)
  A wizard (D)
1 creature vanquished.

Grand Total: 14 creatures vanquished

Notes
Turn   | Place    | Note
-------+----------+-------------------------------------------
     0 | D        | sircluck the Hill Orc Fighter began the quest for the Orb.
     0 | D        | Reached XP level 1. HP: 19/19 MP: 1/1
    10 | D        | Noticed Jessica
    13 | D        | Killed Jessica
    14 | D        | Reached skill level 5 in Fighting
    14 | D        | Reached skill level 3 in Axes
    14 | D        | Reached XP level 2. HP: 29/29 MP: 2/2
    14 | D        | Reached XP level 3. HP: 36/36 MP: 3/3
    49 | D        | Reached skill level 4 in Axes
    49 | D        | Reached skill level 5 in Armour
    49 | D        | Reached skill level 5 in Shields
    58 | D        | Noticed a scorpion
    64 | D        | Killed a scorpion
    65 | D        | Reached skill level 5 in Axes
    65 | D        | Reached XP level 4. HP: 29/45 MP: 4/4
   152 | D        | Noticed a water elemental
   160 | D        | Killed a water elemental
   161 | D        | Reached skill level 6 in Axes
   161 | D        | Reached XP level 5. HP: 6/53 MP: 5/5
   327 | D        | Found a glowing silver altar of Zin.
   327 | D        | Found a glowing golden altar of the Shining One.
   327 | D        | Found a white marble altar of Elyvilon.
   335 | D        | Found a basalt altar of Yredelemnul.
   335 | D        | Found a shadowy altar of Dithmenos.
   335 | D        | Found a sacrificial altar of Ru.
   343 | D        | Reached skill level 7 in Axes
   343 | D        | Reached skill level 1 in Dodging
   346 | D        | Reached XP level 6. HP: 33/62 MP: 6/6
   444 | D        | Noticed a shadow
   451 | D        | Reached skill level 8 in Axes
   452 | D        | Killed a shadow
   453 | D        | Reached skill level 9 in Axes
   611 | D        | Found a radiant altar of Vehumet.
   611 | D        | Found a shimmering blue altar of Sif Muna.
   611 | D        | Found an ancient bone altar of Kikubaaqudgha.
   621 | D        | Reached skill level 10 in Fighting
   621 | D        | Reached XP level 7. HP: 72/72 MP: 7/7
   643 | D        | Found a hide-covered altar of Uskayaw.
   643 | D        | Found a roughly hewn altar of Beogh.
   643 | D        | Found an iron altar of Okawaru.
   643 | D        | Found a bloodstained altar of Trog.
   643 | D        | Found an ornate altar of the Wu Jian Council.
   643 | D        | Noticed a human
   644 | D        | Noticed a human
   649 | D        | Killed a human
   650 | D        | Reached skill level 10 in Axes
   674 | D        | Killed a human
   675 | D        | Reached skill level 11 in Axes
   847 | D        | Noticed a deep elf pyromancer
   874 | D        | Slain by a deep elf pyromancer

Illustrated notes

Levels and vault maps discovered:
D:        dungeon_sprint_mu [sprint_mu_entry_forest, sprint_mu_temple_rooms,
          sprint_mu_d1_horrors, sprint_mu_d2_genie, sprint_mu_d3_branching,
          sprint_mu_orc_legion, sprint_mu_elf_gauntlet, sprint_mu_hive_nellie,
          sprint_mu_lair_fedhas, sprint_mu_vaults_butterflies,
          sprint_mu_slime_circle, sprint_mu_swamp_cave, sprint_mu_snake_twists,
          sprint_mu_blade_basic, sprint_mu_crypt_chambers,
          sprint_mu_tomb_spiral, sprint_mu_vestibule_basic,
          sprint_mu_gehenna_hellfire, sprint_mu_dis_giant,
          sprint_mu_tartarus_statrot, sprint_mu_cocytus_islands, sprint_mu_zot1]

Skill      XL: |  1  2  3  4  5  6  7 |
---------------+----------------------+-----
Fighting       | 5 6 7 8 10 | 10.8
Axes           | 3 5 6 7 9 11 | 11.3
Armour         | 4 6 7 8 9 |  9.1
Shields        | 4 5 6 7 8 |  8.7
Dodging        | 1 2 |  2.0
Stealth        | |  0.4

Action                     |  1- 3 |  4- 6 |  7- 9 || total
---------------------------+-------+-------+-------++-------
  Melee: War axe           |    23 |    27 |    43 ||    93
    Use: Potion            |     1 |     1 |     2 ||     4
         Scroll            |       |       |     1 ||     1
 Armour: Scale mail        |     5 |    11 |     5 ||    21
  Dodge: Dodged            |    13 |     5 |    15 ||    33
  Block: Buckler           |     7 |     8 |     6 ||    21

Table legend: (Time is in decaauts)
 A = Elapsed time spent in this place.
 B = Non-inter-level travel time spent in this place.
 C = Inter-level travel time spent in this place.
 D = Time resting spent in this place.
 E = Time spent auto-exploring this place.
 F = Levels seen in this place.
 G = Mean time per level.
                   A        B        C        D        E       F      G
               +--------+--------+--------+--------+--------+-----+--------+
         Total |    897 |    897 |      0 |    318 |    372 |   1 |  897.0 |
       Dungeon |    897 |    897 |      0 |    318 |    372 |   1 |  897.0 |
               +--------+--------+--------+--------+--------+-----+--------+

Top non-repeatable levels by time:
       D: 897 daAuts
